[Event "*** Titled Tuesday Blitz"]
[Site "Chess.com"]
[Date "2020.11.24"]
[Round "8"]
[White "Infernal_XaM"]
[Black "Fandorine"]
[Result "1-0"]
[WhiteElo "2859"]
[BlackElo "2866"]
[TimeControl "180+1"]
[EndTime "11:45:41 PST"]
[Termination "Infernal_XaM won by resignation"]

1. d4 Nf6 2. c4 g6 3. Nc3 Bg7 4. e4 O-O 5. f4 d6 6. Nf3 c5 7.
d5 b5 8. Qc2 bxc4 9. Bxc4 Nbd7 10. O-O Nb6 11. Be2 e6 12. dxe6 Bxe6 13. Kh1 d5 14. e5 Bf5 15. Bd3 Bxd3 16. Qxd3 Nfd7 17.
a4 a5 18. Nb5 Rb8 19. Bd2 c4 20.
Qa3 Ra8 21. Nfd4 Qc8 22. e6 fxe6 23. Nxe6 Bh6 24. Rae1 Nf6 25. Qd6 Nxa4 26. Nbc7 Rf7 27. Nxa8 Qxa8 28. Nd8 Rf8 29. Nc6 Bg7 30. Bxa5 Nxb2 31.
Bc3 Nd3 32. Re7 Nh5 33. Qe6+ Kh8 34. Bxg7+ Nxg7 35. Qxd5 Qa2 36. Qd4 Rg8 37. h3 Nb2 38. Nd8 c3 39. Nf7+ 1-0

[Event "*** Titled Tuesday Blitz"]
[Site "Chess.com"]
[Date "2020.11.24"]
[Round "8"]
[White "Sinquefield"]
[Black "elcandado"]
[Result "1-0"]
[WhiteElo "2499"]
[BlackElo "2661"]
[TimeControl "180+1"]
[EndTime "11:45:43 PST"]
[Termination "Sinquefield won by resignation"]

1. e4 d6 2. d4 Nf6 3. Nc3 e5 4. Nge2 Be7 5. f3 h5 6. Be3 c6 7.
Qd2 Nbd7 8. O-O-O b5 9. h3 a6 10. Ng3 g6 11. Kb1 Bb7 12. f4 h4 13. Nge2 exd4 14.
Nxd4 c5 15. Nf3 Nxe4 16. Nxe4 Bxe4 17. Bd3 Bb7 18. f5 c4 19. fxg6 cxd3 20. gxf7+ Kxf7 21. Bd4 Bf6 22. Qxd3 Ne5 23. Qb3+ Nc4 24. Rhf1 Bxf3 25. Rxf3 Rh6 26. Rdf1 Kg7 27. Qc3 Ne5 28. Rf4 Rg6 29. Qe1 Qe7 30. Rf5 Rh8 31. Qe4 Re8 32. Qd5 Nd7 33. a3 Bxd4 34. Rf7+ Kh6 35. Rxe7 Rxe7 36. Qxd4 Nf6 37. Qxh4+ Kg7 38. Re1 Rf7 39. Re6 Rxg2 40. Rxd6 Re7 41. Qxf6+ 1-0

[Event "*** Titled Tuesday Blitz"]
[Site "Chess.com"]
[Date "2020.11.24"]
[Round "8"]
[White "szachuspl"]
[Black "elamier"]
[Result "1-0"]
[WhiteElo "2504"]
[BlackElo "2363"]
[TimeControl "180+1"]
[EndTime "11:45:43 PST"]
[Termination "szachuspl won on time"]

1. d4 d5 2. c4 c6 3. Nf3 Nf6 4. Nc3 dxc4 5. e4 b5 6. e5 Nd5 7. Ng5 e6 8. Qh5 g6 9. Qg4 h5 10.
Qg3 Be7 11. h4 Nd7 12. Nxe6 fxe6 13. Qxg6+ Kf8 14. Rh3 Bxh4 15. Rf3+ Bf6 16. Bh6+ Ke7 17. Nxd5+ cxd5 18. exf6+ Kd6 19. f7 Nf8 20. Qg3+ Kc6 21.
Qg7 Rxh6 22. Qxh6 Bd7 23. Qxh5 Qa5+ 24. Kd1 b4 25. Qh6 Kb7 26. a3 Ba4+ 27. Kc1 Bb3 28. Qd2 Rc8 29. Qxb4+ Qxb4 30. axb4 Kb6 31. Kd2 Kb5 32.
Kc3 Rc7 33. Ra5+ Kb6 34. g4 1-0

[Event "*** Titled Tuesday Blitz"]
[Site "Chess.com"]
[Date "2020.11.24"]
[Round "8"]
[White "Road2GM3000"]
[Black "Nils_03"]
[Result "0-1"]
[WhiteElo "2020"]
[BlackElo "2245"]
[TimeControl "180+1"]
[EndTime "11:45:43 PST"]
[Termination "Nils_03 won by resignation"]

1. d4 d5 2. c4 e6 3. Nc3 c6 4. cxd5 exd5 5. Nf3 Nf6 6. Bg5 h6 7. Bh4 Bf5 8. e3 Be7 9. Bd3 Bxd3 10. Qxd3 O-O 11. O-O Nbd7 12. Ne5 Re8 13. f4 c5 14. Nxd7 Qxd7 15. Bxf6 c4 16. Qd2 Bxf6 17. Kh1 Re6 18. Rae1 Rae8 19. Rg1 b5 20. a3 a5 21. g4 Bh4 22.
Re2 b4 23. Nd1 Qb5 24. g5 hxg5 25. fxg5 Rg6 26. Reg2 bxa3 27. bxa3 Re4 28. Nc3 Qb3 29. Nxe4 dxe4 30. Rg4 c3 31. Qc1 Bf2 32. Rf1 c2 33.
Rxf2 Rc6 34. Rgg2 Qb1 35. Rg1 Qb3 36. g6 fxg6 37. Qf1 Qxe3 38. Rf8+ Kh7 39. Qh3+ Qxh3 0-1

[Event "*** Titled Tuesday Blitz"]
[Site "Chess.com"]
[Date "2020.11.24"]
[Round "8"]
[White "Xeniya2005"]
[Black "Jungle_Jaguar"]
[Result "0-1"]
[WhiteElo "2432"]
[BlackElo "2607"]
[TimeControl "180+1"]
[EndTime "11:45:44 PST"]
[Termination "Jungle_Jaguar won by resignation"]

1. e4 e5 2. Nf3 Nc6 3. Nc3 Nf6 4. Bb5 Nd4 5. Bc4 Bc5 6. Nxe5 Qe7 7. Nf3 d5 8. Nxd5 Qxe4+ 9. Ne3 Bg4 10. Be2 Nxe2 11. Qxe2 O-O-O 12. d3 Qe6 13. Bd2 Rhe8 14. h3 Bh5 15. a3 Nd5 16. O-O-O Nf4 17. Qf1 Qa2 18. Bc3 Rxe3 19. d4 Rxc3 20. bxc3 Bg6 21. Ne1 Qxa3+ 22. Kd2 Bxd4 23. cxd4 Rxd4+ 24. Nd3 Bxd3 25. cxd3 Rxd3+ 26. Qxd3 Qxd3+ 27. Kc1 Qc3+ 28. Kb1 Nd3 0-1

[Event "*** Titled Tuesday Blitz"]
[Site "Chess.com"]
[Date "2020.11.24"]
[Round "8"]
[White "northridgehawk"]
[Black "WiktoriaPOL"]
[Result "0-1"]
[WhiteElo "2275"]
[BlackElo "2093"]
[TimeControl "180+1"]
[EndTime "11:45:44 PST"]
[Termination "WiktoriaPOL won by checkmate"]

1. e4 c5 2. Nf3 g6 3. d4 cxd4 4. Nxd4 Nc6 5. Be3 Bg7 6. c4 Nf6 7. Nc3 d6 8. Be2 Nxd4 9. Bxd4 O-O 10. f3 a5 11. O-O Bd7 12. Qd2 a4 13. Rfd1 Qa5 14.
Qe3 a3 15. b3 e5 16. Bb6 Qb4 17.
Bc7 Ne8 18. Bb6 Bh6 19. Qxh6 Qxc3 20. Rac1 Qb2 21. Kf1 Qxa2 22. Qe3 Qb2 23. Rb1 Qc2 24. Rdc1 a2 25. Ra1 Qb2 26. Qc3 Qxc3 27. Rxc3 f5 28. exf5 Bxf5 29. Bd3 e4 30. Be2 exf3 31.
Bxf3 Bb1 32. Rc1 Nf6 33. Ke2 Ra6 34. Bd4 Re8+ 35. Kd2 Ne4+ 36. Bxe4 Rxe4 37. Kc3 Re2 38. Kb4 Rxg2 39. Rf1 Rxh2 40. c5 dxc5+ 41. Bxc5 Rh4+ 42. Kb5 Bd3# 0-1

[Event "*** Titled Tuesday Blitz"]
[Site "Chess.com"]
[Date "2020.11.24"]
[Round "8"]
[White "tigra"]
[Black "Iskusnyh"]
[Result "0-1"]
[WhiteElo "2784"]
[BlackElo "2617"]
[TimeControl "180+1"]
[EndTime "11:45:45 PST"]
[Termination "Iskusnyh won by checkmate"]

1. Nf3 d5 2. c4 c6 3. g3 Nf6 4. Qc2 Bg4 5. Bg2 Nbd7 6. d4 e6 7. O-O Be7 8. Nc3 Bf5 9. Qb3 Qb6 10. c5 Qa6 11. Nh4 Bg6 12. Nxg6 hxg6 13. e4 b6 14. e5 Ng4 15. h3 Nh6 16. cxb6 axb6 17. Bxh6 gxh6 18. f4 O-O 19. h4 h5 20. Bf3 c5 21. Bxd5 exd5 22. Nxd5 Bd8 23. f5 Qa4 24. e6 Qxd4+ 25. Kh2 Nf6 26. exf7+ Kg7 27. Nf4 Ng4+ 28. Kh3 Qd2 29. Qc3+ Qxc3 30. Ne6+ Kh6 31. bxc3 Rxf7 32. fxg6 Rxf1 33. Rxf1 Rxa2 34. g7 Rh2# 0-1

[Event "*** Titled Tuesday Blitz"]
[Site "Chess.com"]
[Date "2020.11.24"]
[Round "8"]
[White "Mambastik-Fantastic"]
[Black "Nuvas"]
[Result "0-1"]
[WhiteElo "2300"]
[BlackElo "2426"]
[TimeControl "180+1"]
[EndTime "11:45:45 PST"]
[Termination "Nuvas won by resignation"]

1. e4 c5 2. Nf3 d6 3. d4 cxd4 4.
Nxd4 Nf6 5. Nc3 a6 6. Be3 e5 7.
Nb3 Be6 8. Qd2 Nbd7 9. O-O-O Rc8 10. f4 Be7 11. f5 Bc4 12. g4 Nxg4 13. Rg1 Nxe3 14. Qxe3 Bxf1 15. Rdxf1 h6 16. Kb1 Bg5 17. Qf2 Nb6 18. Rd1 Rxc3 19. bxc3 Na4 20. Rd3 Qc7 21. h4 Bf6 22. Qe3 Ke7 23. Rgd1 Rc8 24. R1d2 Nxc3+ 25.
Ka1 Nb5 26. a4 Nd4 27. Nxd4 exd4 28. Qf3 Qa5 29. e5 Bxe5 30. Qxb7+ Rc7 31. Qb3 Kf6 32.
Ka2 d5 33. Re2 Rc4 34. Rxe5 Rxa4+ 35. Kb2 Rb4 36. Re2 Rxb3+ 37. Rxb3 Qc5 38. Rd3 a5 39.
Rb3 a4 40. Ra3 Qb5+ 0-1

[Event "*** Titled Tuesday Blitz"]
[Site "Chess.com"]
[Date "2020.11.24"]
[Round "8"]
[White "enriquebutti"]
[Black "Soltan49"]
[Result "1-0"]
[WhiteElo "1986"]
[BlackElo "2223"]
[TimeControl "180+1"]
[EndTime "11:45:45 PST"]
[Termination "enriquebutti won on time"]

1. d4 Nf6 2. Nf3 e6 3. e3 b6 4.
Bd3 c5 5. O-O Nc6 6. b3 d5 7.
Bb2 Be7 8. a3 Bb7 9. Nbd2 O-O 10. Ne5 Rc8 11. f4 Na5 12. c4 dxc4 13. bxc4 g6 14.
Qe1 cxd4 15. exd4 Ba6 16. Rf3 Nd7 17. Rc1 Nxe5 18. dxe5 Bc5+ 19. Kh1 Bd4 20. Bxd4 Qxd4 21. Ne4 Bxc4 22. Nf6+ Kg7 23. Bxc4 Rxc4 24. Rd1 Qb2 25. Nxh7 Rh8 26. Ng5 Rc2 27. Qg3 Rc1 28. Rff1 Rxd1 29. Rxd1 Nc4 30. h3 Qxa3 31. Qf2 Rh5 32. Rd7 Qa1+ 33. Kh2 Nxe5 34. Nxe6+ Kg8 35. Rd8+ Kh7 36.
Ng5+ Rxg5 37. fxg5 a5 38. Qf6 1-0

[Event "*** Titled Tuesday Blitz"]
[Site "Chess.com"]
[Date "2020.11.24"]
[Round "8"]
[White "AldokhinIvan"]
[Black "QuintilianoR"]
[Result "1-0"]
[WhiteElo "2503"]
[BlackElo "2647"]
[TimeControl "180+1"]
[EndTime "11:45:46 PST"]
[Termination "AldokhinIvan won by checkmate"]

1. e4 c5 2. Nf3 d6 3. d4 cxd4 4.
Nxd4 Nf6 5. Nc3 a6 6. Bc4 e6 7. Bb3 b5 8. O-O Be7 9. Re1 O-O 10. Qf3 Qc7 11. Qg3 b4 12. Na4 Bd7 13. Bh6 Ne8 14.
Bd2 a5 15. Rac1 Nc6 16. c3 Nxd4 17. cxd4 Qb7 18. d5 e5 19. Be3 Ra6 20. f4 exf4 21.
Bxf4 Nf6 22. Qf3 Ng4 23. Rc2 Bd8 24. Rec1 f5 25. e5 Qa7+ 26. Kh1 dxe5 27. Bg3 f4 28.
Nc5 fxg3 29. d6+ Kh8 30. Qxf8# 1-0

[Event "*** Titled Tuesday Blitz"]
[Site "Chess.com"]
[Date "2020.11.24"]
[Round "8"]
[White "Savva09022009"]
[Black "andrzej"]
[Result "1-0"]
[WhiteElo "2548"]
[BlackElo "2397"]
[TimeControl "180+1"]
[EndTime "11:45:46 PST"]
[Termination "Savva09022009 won on time"]

1. d4 Nf6 2. Nc3 e6 3. Bf4 d5 4. e3 a6 5. Nf3 c5 6. Bd3 b5 7.
dxc5 Bxc5 8. O-O Bb7 9. Qe2 Nbd7 10. a3 O-O 11. e4 dxe4 12. Nxe4 Nxe4 13. Bxe4 Bxe4 14.
Qxe4 Nf6 15. Qc6 Qc8 16. Qxc8 Raxc8 17. Rfd1 Nd5 18. Bg3 Be7 19. Rd2 Bf6 20. c3 Nb6 21.
Be5 Nc4 22. Re2 Rfd8 23. Bxf6 gxf6 24. Kf1 Rd5 25. Ke1 Rcd8 26. Nd4 Nd6 27. Nc6 Rd7 28.
Nb4 Rh5 29. h3 a5 30. Nc6 Nc4 31. b3 Ne5 32. Nxa5 Nd3+ 33. Kf1 Rc5 34. Rc2 Rdc7 35. c4 bxc4 36. Nxc4 Ne5 37. Rac1 Nd3 38. Rd1 Ne5 39. Rd4 Nc6 40. Rg4+ Kf8 41. Rd2 f5 42.
Rh4 Kg7 43. Nd6 Ra7 44. a4 Rc3 45. Nb5 Rc1+ 46. Ke2 Rb7 47. Rc4 Rxc4 48. bxc4 Ne5 49. c5 1-0

[Event "*** Titled Tuesday Blitz"]
[Site "Chess.com"]
[Date "2020.11.24"]
[Round "8"]
[White "Tpros"]
[Black "kot60"]
[Result "1-0"]
[WhiteElo "2592"]
[BlackElo "2461"]
[TimeControl "180+1"]
[EndTime "11:45:47 PST"]
[Termination "Tpros won on time"]

1. e4 e5 2. Nf3 Nc6 3. Bb5 a6 4. Bxc6 dxc6 5. Nc3 f6 6. d4 exd4 7. Nxd4 Bd6 8. Be3 Qe7 9. a3 h5 10. h4 Bd7 11. Qe2 O-O-O 12. O-O-O Nh6 13. Kb1 Ng4 14. Bc1 Kb8 15. f3 Ne5 16. Rd2 Qf7 17. b3 Rhe8 18. Qf2 g6 19. Rhd1 Qe7 20. Ka2 Bc8 21. Bb2 Bc5 22. Qg3 Bd6 23. Qe1 Bc5 24. Nde2 Be3 25. Rxd8 Rxd8 26. Kb1 Rxd1+ 27. Nxd1 Bb6 28.
Qg3 Qe8 29. Ndc3 Qd8 30. Bc1 Be6 31. Bf4 Bd4 32. Qe1 Bb6 33. Na4 Ba7 34. Nec3 Nf7 35.
Be3 Bxe3 36. Qxe3 g5 37. hxg5 Nxg5 38. Nc5 Bc8 39. Nd3 Qe7 40. Kb2 Ne6 41. a4 Qg7 42.
Qf2 Ng5 43. a5 f5 44. e5 Ne6 45. f4 Qg4 46. g3 Bd7 47. Na4 Kc8 48. Kc3 1-0

[Event "*** Titled Tuesday Blitz"]
[Site "Chess.com"]
[Date "2020.11.24"]
[Round "8"]
[White "MIJuanReyesRosa"]
[Black "Hercog"]
[Result "0-1"]
[WhiteElo "2072"]
[BlackElo "2275"]
[TimeControl "180+1"]
[EndTime "11:45:47 PST"]
[Termination "Hercog won on time"]

1. d4 Nf6 2. Nf3 g6 3. c4 Bg7 4. Nc3 d5 5. Bf4 O-O 6. Rc1 dxc4 7. e3 c5 8. Bxc4 cxd4 9. exd4 Nc6 10. d5 Na5 11. Be2 b6 12. O-O Nb7 13. Ne5 Nd6 14. Nc6 Qd7 15. Nb5 Bb7 16. Re1 Nfe8 17. Nxd6 Nxd6 18.
Bg4 f5 19. Rxe7 Qc8 20. Rxg7+ Kxg7 21. Be5+ Kf7 22. Bxd6 fxg4 23. Ne5+ Kg7 24. Rxc8 Raxc8 25. Nd7 Rf5 26. Qd4+ Kg8 27. h4 Rd8 28. Nf6+ Kf7 0-1

[Event "*** Titled Tuesday Blitz"]
[Site "Chess.com"]
[Date "2020.11.24"]
[Round "8"]
[White "MokshanovAlexey"]
[Black "IANOV0007"]
[Result "0-1"]
[WhiteElo "2606"]
[BlackElo "2443"]
[TimeControl "180+1"]
[EndTime "11:45:48 PST"]
[Termination "IANOV0007 won by resignation"]

1. e4 d6 2. d4 Nf6 3. Nc3 c6 4. f4 Qb6 5. Nf3 Bg4 6. Be2 Bxf3 7. Bxf3 e5 8. Ne2 Nbd7 9. O-O Be7 10. c3 d5 11.
fxe5 Nxe5 12. exd5 Nxf3+ 13. Rxf3 Nxd5 14. Ng3 O-O 15. Nf5 Bf6 16. c4 Ne7 17. c5 Qd8 18.
Nd6 Ng6 19. Be3 b6 20. b4 Qd7 21. Qb3 Nh4 22. Rxf6 gxf6 23. Bh6 Rfd8 24. Qg3+ Ng6 25. h4 Kh8 26. h5 Rg8 27. Qh3 Qe7 28. Rf1 Nf8 29. Qb3 Ne6 30. d5 cxd5 31. Qxd5 Rad8 32. Rd1 bxc5 33. bxc5 Rd7 34. Nxf7+ Qxf7 35. Qxd7 Qxh5 36. Qxe6 Qxd1+ 37. Kf2 Qc2+ 38. Ke1 Qg6 39. Bf4 Re8 0-1

[Event "*** Titled Tuesday Blitz"]
[Site "Chess.com"]
[Date "2020.11.24"]
[Round "8"]
[White "korbul"]
[Black "Kotofeyca"]
[Result "0-1"]
[WhiteElo "2550"]
[BlackElo "2437"]
[TimeControl "180+1"]
[EndTime "11:45:48 PST"]
[Termination "Kotofeyca won by resignation"]

1. e4 c5 2. Nf3 d6 3. Bc4 a6 4. Bb3 Nf6 5. d3 Nc6 6. c3 Bg4 7. Nbd2 e6 8. h3 Bh5 9. Nf1 Be7 10. Ng3 Bxf3 11. Qxf3 b5 12. O-O O-O 13. Qe2 d5 14. e5 Nd7 15. f4 c4 16. Bc2 cxd3 17.
Qxd3 g6 18. Kh1 b4 19. c4 Nc5 20. Qe2 Nd4 21. Qd1 dxc4 22. Be4 Nxe4 23. Nxe4 Qd5 24. Nf6+ Bxf6 25. exf6 Nf5 26. Qxd5 exd5 27. Kh2 Rfe8 28. Bd2 a5 29. Rae1 Kf8 30. g4 Nd4 31. Kg3 Rxe1 32.
Rxe1 Re8 33. Rd1 c3 34. bxc3 bxc3 35. Bc1 Ne2+ 36. Kf3 Nxc1 37. Rxc1 d4 38. g5 a4 39. a3 Re3+ 40. Kf2 Re6 41. h4 Ke8 42. h5 gxh5 43.
Kg3 Re2 44. f5 c2 45. Kf3 d3 46. Rh1 d2 47. Kxe2 c1=Q 48. Rd1 h4 49. Rxd2 Qxd2+ 50. Kxd2 h3 51. g6 hxg6 52. fxg6 fxg6 0-1

[Event "*** Titled Tuesday Blitz"]
[Site "Chess.com"]
[Date "2020.11.24"]
[Round "8"]
[White "bazar-wokzal"]
[Black "BlixLT"]
[Result "1-0"]
[WhiteElo "2520"]
[BlackElo "2347"]
[TimeControl "180+1"]
[EndTime "11:45:48 PST"]
[Termination "bazar-wokzal won by resignation"]

1. e4 Nc6 2. d4 d5 3. Nc3 e6 4. Nf3 Nf6 5. e5 Ne4 6. Bd3 f5 7. exf6 Nxf6 8. O-O Bd6 9. Bg5 O-O 10. Re1 Bd7 11.
Nb5 Qe8 12. c4 Qh5 13. h3 Ne4 14. Be3 Bf4 15. Rc1 Rf6 16. Bxf4 Rxf4 17. Nxc7 Raf8 18. cxd5 exd5 19. Nxd5 Rxf3 20. Bxe4 Rxh3 21. gxh3 Qg5+ 22. Bg2 Bxh3 23. Ne3 Ne7 24. Rc5 Qh4 25. Bxh3 Qxf2+ 26. Kh1 Ng6 27. Qb3+ Kh8 28. Rf1 Qg3 29. Rxf8+ Nxf8 30. Ng2 Qf2 31. Rf5 1-0

[Event "*** Titled Tuesday Blitz"]
[Site "Chess.com"]
[Date "2020.11.24"]
[Round "8"]
[White "K_A_S_T_O_R"]
[Black "hansen"]
[Result "1-0"]
[WhiteElo "2838"]
[BlackElo "2938"]
[TimeControl "180+1"]
[EndTime "11:45:49 PST"]
[Termination "K_A_S_T_O_R won on time"]

1. e4 c5 2. Nf3 d6 3. d4 cxd4 4.
Nxd4 Nf6 5. Nc3 a6 6. Bg5 Nbd7 7. Bc4 Qa5 8. Qd2 h6 9. Bxf6 Nxf6 10. Bb3 e6 11. O-O-O Bd7 12. Kb1 Rc8 13. Rhe1 Rxc3 14. bxc3 Be7 15. f4 Qc7 16. g4 g6 17. h3 e5 18. Nf3 Bc6 19. Qd3 Nd7 20. Qc4 O-O 21. fxe5 Nxe5 22. Nxe5 dxe5 23. Rf1 Bg5 24. Rd5 Qe7 25.
Qc5 Bxd5 26. Qxd5 Kg7 27. a4 b6 28. Qc6 Be3 29. h4 a5 30. h5 Bc5 31. Kb2 g5 32. Rd1 Rd8 33. Rf1 f6 34. Rf3 Ba3+ 35. Ka2 Bc5 36.
Rd3 Rd6 37. Qc8 Qf8 38. Qf5 Rxd3 39. Qg6+ Kh8 40. cxd3 Qg7 41. Qe8+ Bf8 42. Bf7 Kh7 43.
Kb3 Kh8 44. Kc4 f5 45. exf5 e4 46. f6 1-0

[Event "*** Titled Tuesday Blitz"]
[Site "Chess.com"]
[Date "2020.11.24"]
[Round "8"]
[White "Pikachess999"]
[Black "zala02"]
[Result "0-1"]
[WhiteElo "2358"]
[BlackElo "2171"]
[TimeControl "180+1"]
[EndTime "11:45:49 PST"]
[Termination "zala02 won by resignation"]

1. e4 c5 2. a3 g6 3. h4 Nf6 4. Nc3 d6 5. Bc4 Bg7 6. d3 Nc6 7. Be3 a6 8. a4 e6 9. d4 d5 10. Be2 cxd4 11. Bxd4 Nxd4 12. Qxd4 dxe4 13. Qxd8+ Kxd8 14.
O-O-O+ Ke7 15. Nh3 Bd7 16. Ng5 Bc6 17. Rhe1 h6 18. Nh3 Rhd8 19. Nf4 Nd5 20. Ncxd5+ exd5 21. b3 Be5 22. Nh3 f5 23. f3 Rac8 24. Kb1 Kf6 25. g4 b5 26. g5+ hxg5 27. hxg5+ Kg7 28. axb5 axb5 29. c4 bxc4 30. bxc4 Rb8+ 31. Kc1 d4 32. f4 Bd6 33. c5 Bxc5 34. Bc4 Ba3+ 35. Kd2 Bb4+ 36.
Ke2 0-1

[Event "*** Titled Tuesday Blitz"]
[Site "Chess.com"]
[Date "2020.11.24"]
[Round "8"]
[White "Neftegor"]
[Black "Evgeny81"]
[Result "0-1"]
[WhiteElo "2526"]
[BlackElo "2728"]
[TimeControl "180+1"]
[EndTime "11:45:50 PST"]
[Termination "Evgeny81 won by resignation"]

1. d4 Nf6 2. c4 e5 3. dxe5 Ne4 4. a3 Nc6 5. Nf3 d6 6. Qc2 Nc5 7. b4 Ne6 8. Bb2 a5 9. b5 Nxe5 10. Nxe5 dxe5 11. Bxe5 Qg5 12. Bb2 Bc5 13. e3 b6 14.
Nd2 Bb7 15. Nf3 Qe7 16. Be2 O-O-O 17. O-O h5 18. Rfd1 Rxd1+ 19. Bxd1 Rd8 20. Be2 g5 21. Qf5 Kb8 22. Bf6 Qf8 23. Bxd8 Qxd8 24. Rd1 Qe7 25. Ne5 Bxa3 26. Qxf7 Qxf7 27. Nxf7 Bb2 28. Rb1 Bc3 29. Rc1 Bf6 30. Rc2 Be4 31. Rd2 Bg6 32. Nh6 a4 33. Ra2 Nc5 34. Bd1 Bg7 35. Bxa4 Bxh6 36. Bc2 Bf7 37. Bd1 Bxc4 38. Rb2 Bg7 39. Rb4 Bf7 40. Bf3 Kc8 41. Bc6 Kd8 42. Rb1 Bb3 43. Rd1+ Bxd1 0-1

[Event "*** Titled Tuesday Blitz"]
[Site "Chess.com"]
[Date "2020.11.24"]
[Round "8"]
[White "Dedic8"]
[Black "Shield12"]
[Result "1/2-1/2"]
[WhiteElo "2828"]
[BlackElo "2917"]
[TimeControl "180+1"]
[EndTime "11:45:51 PST"]
[Termination "Game drawn by repetition"]

1. e4 c5 2. Nf3 d6 3. d4 cxd4 4.
Nxd4 Nf6 5. Nc3 Nc6 6. Bg5 Bd7 7. Qd2 a6 8. Bxf6 gxf6 9. f4 Nxd4 10. Qxd4 Rc8 11.
Bd3 Qa5 12. O-O-O Qc5 13. Qxc5 Rxc5 14. Nd5 Bg7 15. Ne3 e6 16. Rhe1 Ke7 17. c4 h5 18. Kc2 h4 19. b4 Rcc8 20. Kb3 Bh6 21. Rf1 Rhg8 22. a4 Bc6 23. Rf2 Bd7 24. Re1 Rc7 25.
Rd1 a5 26. c5 dxc5 27. bxa5 Ra8 28. Nc4 Bc6 29. Bc2 Rd7 30. Rxd7+ Bxd7 31. Nb6 Rxa5 32. Nxd7 Kxd7 33. Bd3 Ke7 34. Bb5 b6 35. g3 Ra8 36.
Rd2 Rd8 37. Rxd8 Kxd8 38. Kc4 Ke7 39. Kd3 Kd6 40. Be8 Ke7 41. Bb5 e5 42. f5 hxg3 43. hxg3 Bg5 44. Kc4 Kd6 45. Be8 Ke7 46. Bb5 Kd6 47.
Be8 Ke7 48. Bb5 1/2-1/2

[Event "*** Titled Tuesday Blitz"]
[Site "Chess.com"]
[Date "2020.11.24"]
[Round "8"]
[White "MikeSailer"]
[Black "Omk124"]
[Result "0-1"]
[WhiteElo "2146"]
[BlackElo "2341"]
[TimeControl "180+1"]
[EndTime "11:45:51 PST"]
[Termination "Omk124 won on time"]

1. d4 Nf6 2. Nf3 g6 3. Bf4 Bg7 4. e3 O-O 5. Be2 d5 6. h3 c5 7. O-O b6 8. c3 Bb7 9. Nbd2 Nc6 10. Ne5 Nd7 11. Ndf3 Ndxe5 12. Nxe5 Nxe5 13. Bxe5 f6 14. Bh2 e5 15. a4 Qe7 16. a5 f5 17. Bxe5 Bxe5 18. dxe5 Qxe5 19. Bf3 Rad8 20. axb6 axb6 21. Ra7 Rf7 22. Qa4 Bc6 23. Qxc6 Rxa7 24. Qxb6 Rad7 25.
Qxc5 Qb8 26. b4 Qd6 27. Qd4 Rc7 28. Rd1 Rcd7 29. g3 Qc6 30. h4 Kf7 31. h5 Qf6 32.
hxg6+ hxg6 33. Qc5 Qe6 34. Kg2 Kg8 35. Rh1 Qf6 36. Rd1 Qe6 37. b5 Kg7 38. Qd4+ Qf6 39.
Qc5 Qd6 40. Qd4+ Qf6 41. Qb4 Qd6 42. Qb2 Qf6 43. Rd4 Rb8 44. Rb4 Rc7 45. Bxd5 Rxc3 46. Rd4 Rc5 47. Bc6 Rxc6 48. Rd7+ Kh6 49. Qd2 Qc3 50.
Qd6 Rxd6 0-1

[Event "*** Titled Tuesday Blitz"]
[Site "Chess.com"]
[Date "2020.11.24"]
[Round "8"]
[White "IMAghasiyevKamal"]
[Black "Oleksandr_Bortnyk"]
[Result "0-1"]
[WhiteElo "2569"]
[BlackElo "2889"]
[TimeControl "180+1"]
[EndTime "11:45:52 PST"]
[Termination "Oleksandr_Bortnyk won by resignation"]

1. e4 Nf6 2. e5 Nd5 3. d4 d6 4. Nf3 dxe5 5. Nxe5 c6 6. Qf3 Be6 7. Bd3 Nd7 8. Nxd7 Qxd7 9. O-O g6 10. a3 Bg7 11. c3 O-O 12. h3 Rac8 13. Nd2 c5 14. c4 Nb6 15. d5 Bf5 16. Bxf5 gxf5 17. a4 e6 18. a5 Na8 19. Ra3 exd5 20. cxd5 Nc7 21. d6 Nb5 22. Rd3 Nd4 23. Qd5 Ne2+ 24. Kh1 Nf4 25. Qf3 Nxd3 26. Qxd3 Rfe8 27. Nc4 Re4 28.
b3 Rce8 29. Be3 Bd4 30. Bxd4 Rxd4 31. Qg3+ Kh8 32. Ne5 Qe6 33. d7 Rg8 34. Qe3 f4 35.
Qe2 f3 36. Qxf3 Qxe5 37. Qxb7 Rd8 38. Qxa7 R8xd7 39. Qa8+ Kg7 40. a6 Rd1 0-1

[Event "*** Titled Tuesday Blitz"]
[Site "Chess.com"]
[Date "2020.11.24"]
[Round "8"]
[White "VerdeNotte"]
[Black "Algeriano22"]
[Result "1-0"]
[WhiteElo "2901"]
[BlackElo "2625"]
[TimeControl "180+1"]
[EndTime "11:45:53 PST"]
[Termination "VerdeNotte won on time"]

1. e4 e5 2. Nf3 Nc6 3. d4 exd4 4. Bc4 Nf6 5. e5 d5 6. Bb5 Ne4 7. Nxd4 Bd7 8. Bxc6 bxc6 9. O-O Bc5 10. f3 Ng5 11. f4 Ne4 12. Be3 Bb6 13. Nd2 c5 14. N4f3 Nxd2 15. Qxd2 d4 16. Bf2 Bc6 17. Bh4 Qd7 18.
Rae1 Qg4 19. h3 Qg6 20. e6 f6 21. e7 Qf5 22. c4 h5 23. b3 Kd7 24. b4 cxb4 25.
Nxd4 Bxd4+ 26. Qxd4+ Kc8 27. Re3 a5 28. Bf2 Kb7 29.
a3 Rhe8 30. axb4 axb4 31. Qb2 Qa5 32. Rb1 Kc8 33. Re6 Bd7 34. Re3 Rb8 35. Be1 Qb6 36.
Qf2 1-0

[Event "*** Titled Tuesday Blitz"]
[Site "Chess.com"]
[Date "2020.11.24"]
[Round "8"]
[White "Zq1"]
[Black "JoachimMouhamad"]
[Result "1-0"]
[WhiteElo "2593"]
[BlackElo "2466"]
[TimeControl "180+1"]
[EndTime "11:45:53 PST"]
[Termination "Zq1 won by resignation"]

1. d4 Nf6 2. c4 g6 3. Nc3 d5 4. Nf3 Bg7 5. cxd5 Nxd5 6. Bd2 O-O 7. Rc1 Nxc3 8. Bxc3 b6 9. e3 Bb7 10. Be2 Nd7 11.
b4 c5 12. dxc5 bxc5 13. Bxg7 Kxg7 14. bxc5 Qa5+ 15. Qd2 Qxd2+ 16. Nxd2 Rfc8 17. Nb3 a5 18. Bf3 Bxf3 19. gxf3 a4 20. Nd4 Nxc5 21. Ke2 Na6 22. f4 Nb4 23. a3 Nd5 24. Kd3 Kf6 25. h4 h5 26. Nc6 Ke6 27. Kd4 Kd6 28. Ne5 Ke6 29.
Nd3 Nf6 30. Nc5+ Kd6 31. e4 Ng4 32. f3 Nf6 33. e5+ Kc6 34. exf6 exf6 35. Nxa4+ Kb5 36. Rxc8 Rxc8 37. Nc3+ Ka5 38. Rb1 Rd8+ 39. Nd5 Ka4 40.
Rb7 1-0

[Event "*** Titled Tuesday Blitz"]
[Site "Chess.com"]
[Date "2020.11.24"]
[Round "8"]
[White "Matols"]
[Black "Khnykin_Nikolay"]
[Result "1-0"]
[WhiteElo "2228"]
[BlackElo "2063"]
[TimeControl "180+1"]
[EndTime "11:45:56 PST"]
[Termination "Matols won on time"]

1. d4 e6 2. c4 d5 3. Nf3 Nf6 4. g3 Bb4+ 5. Bd2 Bxd2+ 6. Nbxd2 O-O 7. Bg2 Nc6 8. O-O b6 9. cxd5 exd5 10. Rc1 Bb7 11. Qa4 Qd6 12. e3 Rfe8 13. a3 Rad8 14. b4 Ne4 15. Rc2 Qg6 16. Rfc1 Rd6 17. b5 Nxd2 18.
Nxd2 Na5 19. Rxc7 Rf6 20. Qc2 Qg4 21. Nb3 Ba8 22. Rc8 Re6 23. h3 Qg5 24. Nxa5 bxa5 25. Qc5 Bb7 26. Rxe8+ Rxe8 27. Qxa7 Ba8 28. Qxa5 h6 29.
Qc3 Bb7 30. a4 Rc8 31. Qb2 Re8 32. a5 Ba8 33. a6 Qf5 34. b6 Qd3 35. b7 Bxb7 36.
axb7 Qa6 37. b8=Q 1-0

[Event "*** Titled Tuesday Blitz"]
[Site "Chess.com"]
[Date "2020.11.24"]
[Round "8"]
[White "Nadeev_Sergey"]
[Black "Pelopidass"]
[Result "1-0"]
[WhiteElo "2474"]
[BlackElo "2571"]
[TimeControl "180+1"]
[EndTime "11:45:58 PST"]
[Termination "Nadeev_Sergey won by resignation"]

1. d4 Nf6 2. Bf4 e6 3. e3 d5 4. Nf3 Bd6 5. Bxd6 Qxd6 6. Nbd2 c5 7. c3 Nc6 8. Bd3 O-O 9. O-O e5 10. dxe5 Nxe5 11. Nxe5 Qxe5 12. Re1 Bg4 13. Be2 Bf5 14. c4 Rad8 15. Qb3 b6 16. Nf3 Qe4 17. Rad1 dxc4 18.
Qxc4 Qb7 19. Qa6 Qxa6 20. Bxa6 Be6 21. a3 Bb3 22. Rxd8 Rxd8 23. h3 Ne4 24. Rc1 Nd2 25.
Rc3 Nxf3+ 26. gxf3 Be6 27. h4 f5 28. b4 cxb4 29.
axb4 Kf7 30. Kg2 Rd2 31. Kg3 Kf6 32. Rc6 Ke7 33. Bc4 Bxc4 34. Rxc4 Kd6 35. Rc8 Rb2 36. Ra8 Rxb4 37. Rxa7 g6 38. Rxh7 Ke6 39. h5 gxh5 40. Rxh5 b5 41. Rh6+ Kf7 42. Rb6 Kg7 43. f4 Kf7 44. Kh4 Rb2 45. Kg5 Rxf2 46. Rxb5 Rf3 47. Re5 1-0